General information
- name: BNet
- type: Ladder team game (AT/RT)
- host: Battle.net
- saver: dirtmcwordup
map: TurtleRock
- players: 4
- length: 14:23
- speed: Fast
- version: 1.21 W3XP
- replay type:

» download(100 KB)
Players
team 1 (winner)
dirtmcwordup (
purple | 117 APM | 1683 actions | 14:23)
3 Demon Hunter
2 Mana Burn
1 Evasion
2 Keeper of the Grove
1 Entangling Roots
1 Thorns Aura
» actions
| Assign group hotkey | 11 | |
| Basic commands | 12 | |
| Build / train | 44 | |
| ESC pressed | 1 | |
| Enter build submenu | 14 | |
| Enter hero's abilities submenu | 5 | |
| Right click | 716 | |
| Select / deselect | 165 | |
| Select group hotkey | 649 | |
| Use ability | 66 | |
1683 total
» units
| Wisp | 17 | |
| Dryad | 2 | |
| Druid of the Claw | 5 | |
24 total
» upgrades
| Abolish Magic | 1 | |
| Druid of the Claw Training | 2 | |
| Ultravision | 1 | |
| Well Spring | 1 | |
| Strength of the Wild | 1 | |
6 total
» buildings
| Altar of Elders | 1 | |
| Moon Well | 5 | |
| Ancient of War | 2 | |
| Tree of Ages | 1 | |
| Hunter's Hall | 1 | |
| Ancient of Lore | 2 | |
| Ancient of Wonders | 1 | |
| Tree of Eternity | 1 | |
| Tree of Life | 1 | |
15 total
» build order
00:12 Altar of Elders
00:17 Moon Well
00:51 Ancient of War
02:01 Ancient of War
03:26 Tree of Ages
04:21 Hunter's Hall
04:23 Moon Well
04:24 Moon Well
05:49 Ancient of Lore
05:50 Ancient of Lore
06:25 Ancient of Wonders
07:58 Tree of Eternity
08:47 Moon Well
08:50 Moon Well
12:19 Tree of Life
» items
| Staff of Preservation | 2 | |
| Orb of Venom | 2 | |
4 total
Mata. (
teal | 164 APM | 2354 actions | 14:22)
3 Archmage
2 Summon Water Elemental
1 Brilliance Aura
3 Mountain King
2 Storm Bolt
1 Bash
» actions
| Assign group hotkey | 200 | |
| Basic commands | 41 | |
| Build / train | 77 | |
| ESC pressed | 6 | |
| Enter build submenu | 37 | |
| Enter hero's abilities submenu | 6 | |
| Give item / drop item | 1 | |
| Remove unit from queue | 6 | |
| Right click | 952 | |
| Select / deselect | 447 | |
| Select group hotkey | 476 | |
| Use ability | 105 | |
2354 total
» units
| Peasant | 11 | |
| Footman | 8 | |
| Priest | 5 | |
| Sorceress | 5 | |
29 total
» upgrades
| Defend | 1 | |
| Sorceress Training | 1 | |
2 total
» buildings
| Altar of Kings | 1 | |
| Barracks | 1 | |
| Farm | 7 | |
| Lumber Mill | 1 | |
| Scout Tower | 24 | |
| Guard Tower | 24 | |
| Keep | 2 | |
| Arcane Sanctum | 2 | |
62 total
» build order
00:06 Altar of Kings
00:18 Barracks
00:19 Farm
01:03 Farm
01:21 Lumber Mill
01:54 Farm
02:13 Scout Tower
02:20 Scout Tower
02:40 Scout Tower
02:52 Guard Tower
02:52 Guard Tower
03:19 Scout Tower
03:22 Scout Tower
03:53 Guard Tower
03:54 Guard Tower
04:05 Scout Tower
04:10 Scout Tower
04:16 Scout Tower
04:27 Keep
04:34 Guard Tower
04:34 Guard Tower
04:34 Guard Tower
04:47 Guard Tower
04:56 Scout Tower
05:33 Guard Tower
05:34 Guard Tower
05:59 Farm
06:57 Arcane Sanctum
06:58 Arcane Sanctum
07:13 Farm
07:48 Farm
10:00 Farm
12:28 Scout Tower
12:29 Scout Tower
12:30 Scout Tower
12:31 Scout Tower
12:32 Scout Tower
12:54 Scout Tower
12:55 Scout Tower
12:55 Scout Tower
12:56 Scout Tower
12:56 Scout Tower
13:10 Guard Tower
13:10 Guard Tower
13:17 Guard Tower
13:40 Guard Tower
13:40 Guard Tower
13:50 Guard Tower
13:50 Guard Tower
14:06 Scout Tower
14:07 Scout Tower
14:07 Scout Tower
14:08 Scout Tower
14:08 Scout Tower
» items
| Potion of Lesser Invulnerability | 1 | |
| Scroll of Town Portal | 1 | |
2 total
team 2 (loser)
IndorseMaj (
blue | 151 APM | 2155 actions | 14:18)
4 Death Knight
2 Death Coil
2 Unholy Aura
1 Lich
1 Frost Nova
» actions
| Assign group hotkey | 23 | |
| Build / train | 48 | |
| ESC pressed | 1 | |
| Enter build submenu | 15 | |
| Enter hero's abilities submenu | 5 | |
| Right click | 482 | |
| Select / deselect | 261 | |
| Select group hotkey | 1259 | |
| Use ability | 61 | |
2155 total
» units
| Acolyte | 8 | |
| Ghoul | 3 | |
| Crypt Fiend | 10 | |
| Obsidian Statue | 5 | |
26 total
» upgrades
| Creature Attack | 2 | |
| Creature Carapace | 1 | |
| Burrow | 1 | |
| Destroyer Form | 1 | |
| Web | 1 | |
6 total
» buildings
| Crypt | 1 | |
| Graveyard | 1 | |
| Altar of Darkness | 1 | |
| Ziggurat | 6 | |
| Tomb of Relics | 1 | |
| Nerubian Tower | 3 | |
| Halls of the Dead | 1 | |
| Slaughterhouse | 2 | |
| Black Citadel | 1 | |
17 total
» build order
00:07 Crypt
00:12 Graveyard
00:28 Altar of Darkness
00:43 Ziggurat
01:15 Tomb of Relics
02:06 Ziggurat
04:10 Ziggurat
04:20 Nerubian Tower
05:08 Nerubian Tower
05:26 Ziggurat
06:13 Halls of the Dead
06:35 Nerubian Tower
08:52 Slaughterhouse
09:52 Black Citadel
10:03 Ziggurat
10:25 Slaughterhouse
12:55 Ziggurat
» items
| Rod of Necromancy | 1 | |
| Dust of Appearance | 1 | |
| Sacrificial Skull | 1 | |
| Potion of Healing | 1 | |
4 total
WoA)ToOSeXy (
red | 133 APM | 1914 actions | 14:22)
3 Demon Hunter
2 Mana Burn
1 Evasion
1 Pandaren Brewmaster
1 Breath of Fire
» actions
| Assign group hotkey | 9 | |
| Basic commands | 222 | |
| Build / train | 53 | |
| ESC pressed | 2 | |
| Enter build submenu | 12 | |
| Enter hero's abilities submenu | 4 | |
| Right click | 899 | |
| Select / deselect | 289 | |
| Select group hotkey | 357 | |
| Use ability | 67 | |
1914 total
» units
| Wisp | 26 | |
| Archer | 10 | |
| Huntress | 3 | |
| Dryad | 1 | |
40 total
» buildings
| Altar of Elders | 1 | |
| Moon Well | 5 | |
| Ancient of War | 3 | |
| Hunter's Hall | 1 | |
| Tree of Ages | 1 | |
| Ancient of Lore | 2 | |
13 total
» build order
00:10 Altar of Elders
00:18 Moon Well
01:09 Ancient of War
01:27 Ancient of War
01:55 Ancient of War
01:59 Moon Well
06:36 Moon Well
06:47 Hunter's Hall
07:54 Tree of Ages
08:44 Moon Well
10:30 Ancient of Lore
10:33 Ancient of Lore
12:37 Moon Well
» items
| Boots of Speed | 1 | |
| Scroll of Protection | 1 | |
| Scroll of Healing | 1 | |
3 total
Chat log
(00:08 / Allies) dirtmcwordup: hate this map
(00:15 / Allies) Mata.: is ok
(00:22 / Allies) dirtmcwordup: gotta rally
(00:26 / Allies) dirtmcwordup: or i walk into creeps
(00:29 / Allies) Mata.: tr ue nou gh
(00:51 / Allies) Mata.: good spot
(01:34 / Allies) Mata.: workers cent
(04:41 / Allies) Mata.: i did bad
(05:36 / Allies) dirtmcwordup: am out
(05:45 / Allies) dirtmcwordup: lors going up
(05:45 / Allies) Mata.: but yeah
(06:06 / Allies) Mata.: killed reds wisps
(06:27 / Allies) Mata.: i fucked up a few thigns
(06:34 / Allies) Mata.: bad tower placements and late hero
(06:37 / Allies) dirtmcwordup: w/e
(06:39 / Allies) dirtmcwordup: he hasnt teched yet
(06:44 / Allies) dirtmcwordup: and lost way more shit than i did
(06:50 / Allies) Mata.: getting sorc
(06:53 / Allies) Mata.: then bringing towers agin
(06:59 / Allies) dirtmcwordup: yad
(06:59 / Allies) dirtmcwordup: for now
(07:29 / Allies) dirtmcwordup: need lev 2
(07:35 / Allies) dirtmcwordup: darn
(08:14 / Allies) dirtmcwordup: creeping
(08:15 / Allies) Mata.: arch fiend?
(08:17 / Allies) dirtmcwordup: yeah
(08:20 / Allies) dirtmcwordup: mad arch mad fiend
(08:21 / Allies) dirtmcwordup: fuck
(08:28 / Allies) dirtmcwordup: teching t3
(08:32 / Allies) dirtmcwordup: get defend plz
(08:33 / Allies) Mata.: teching defend
(08:37 / Allies) dirtmcwordup: 1/4 to 3
(09:55 / Allies) dirtmcwordup: almost 3
(09:58 / Allies) Mata.: we gotta go before stroyer
(10:07 / Allies) dirtmcwordup: orb and yad rape stroyer but ok
(10:10 / Allies) dirtmcwordup: gimme 2 sec to tech bear form
(10:13 / Allies) dirtmcwordup: and get orb
(10:28 / Allies) dirtmcwordup: coming
(10:30 / Allies) Mata.: i'll bring madd tower
(10:47 / Allies) Mata.: first we defend your base
(11:51 / Allies) Mata.: i take care of it
(13:07 / Allies) Mata.: that's one heck of a wall in